AoeStats
← JosephFasterconquer

Arena

510736856Analyzed
1v1 RM · 19h ago on Oct 2, 2026· 41m 33s· 2 players
Game mode
Random Map
Map size
Tiny (2 player)
Population
200
Speed
Normal
Resources
Standard
Victory
Conquest
Starting age
Dark Age
Ending age
Imperial Age
RankedLock teamsTeams togetherTeam positionsShared explorationLock speedFull tech treeHidden civsTurbo modeCheats
Victory
Defeat
🇻🇪 Bohemians · Venezuela
1068
+14
🇲🇽 Wu · Mexico
1021
-14
JosephFasterconquer
11:23 Feudal Age
16:03 Castle Age
16:53 Horse Collar
17:03 Double-Bit Axe
17:18 Loom
20:39 Wheelbarrow
20:13 Red Cliffs Tactics
23:46 Scale Mail Armor
23:39 Fletching
25:05 Bodkin Arrow
37:11 Imperial Age
37:49 Scale Mail Armor
38:01 Forging
40:32 Conscription
40:51 Wheelbarrow
40:01 Town Watch
HelioS
10:33 Feudal Age
12:17 Wheelbarrow
15:07 Castle Age
13:38 Double-Bit Axe
13:36 Horse Collar
17:51 Fervor
23:30 Fletching
30:13 Imperial Age
30:59 Chemistry
30:20 Ballistics
38:44 Houfnice
39:43 Wagenburg Tactics
41:12 Elite Hussite Wagon
Connection lost

Rejoining the realm…

Still unreachable

The connection could not be restored.

Session expired

The server has moved on; the page needs a fresh start.